 Dungeon Crawl Stone Soup version 0.19.0-19-g8c6edcc (webtiles) character file.

75 Haldmier the Slasher (level 4, -3/29 HPs)
             Began as a High Elf Skald on Nov 13, 2016.
             Killed by divine providence
             ... invoked by an orc priest
              (12 damage)
             ... on level 3 of the Dungeon.
             The game lasted 00:07:29 (2363 turns).

Haldmier the Slasher (High Elf Skald)               Turns: 2363, Time: 00:07:29

Health: -3/29      AC: 10    Str: 12    XL:     4   Next: 11%
Magic:  6/8        EV: 11    Int: 15    God:
Gold:   144        SH:  0    Dex: 15    Spells: 3 memorised, 1 level left

rFire  . . .     SeeInvis .     w - +0 dagger (protect)
rCold  . . .     Gourm    .     b - +0 leather armour
rNeg   . . .     Faith    .     (no shield)
rPois  .         Spirit   .     (no helmet)
rElec  .         Reflect  .     (no cloak)
rCorr  .         Harm     .     (no gloves)
MR     .....                    (no boots)
Stlth  +.........               (no amulet)
                                (no ring)
                                (no ring)

@: protection aura, very slightly contaminated
A: no striking features
a: no special abilities


You were on level 3 of the Dungeon.
You were not hungry.

You visited 1 branch of the dungeon, and saw 3 of its levels.

You collected 144 gold pieces.

Inventory:

Hand Weapons
 a - a +0 falchion
 i - a cursed -1 short sword
 w - a +0 dagger of protection (weapon)
Missiles
 f - 112 stones (quivered)
 r - a throwing net
Armour
 b - a +0 leather armour (worn)
Scrolls
 g - a scroll of blinking {unknown}
 k - 2 scrolls of amnesia {unknown}
 l - a scroll of fog {unknown}
 m - a scroll of recharging {unknown}
 n - a scroll of teleportation {unknown}
 o - 6 scrolls of identify {unknown}
 p - a scroll of fear {unknown}
 q - a scroll of remove curse {unknown}
 v - a scroll of enchant armour {unknown}
Potions
 e - 4 potions of heal wounds {unknown}
 j - 2 potions of cure mutation {unknown}
 u - a potion of might {unknown}
Books
 c - a book of Battle

   Spells                             Type                      Level
   a - Infusion                       Charms                       1
   b - Shroud of Golubria             Charms/Translocation         2
   c - Song of Slaying                Charms                       2
   d - Spectral Weapon                Hexes/Charms                 3
   e - Regeneration                   Charms/Necromancy            3
Comestibles
 d - 2 bread rations
 h - 6 chunks of flesh
 s - a beef jerky
 t - a meat ration


   Skills:
 - Level 2.0 Fighting
 + Level 4.7 Long Blades
 - Level 0.8 Armour
 - Level 1.1 Dodging
 - Level 2.4 Spellcasting
 + Level 0.0 Hexes
 - Level 3.6 Charms
 + Level 1.9 Translocations


You had one spell level left.
You knew the following spells:

 Your Spells              Type           Power        Failure   Level  Hunger
a - Infusion              Chrm           ##..         8%          1    #......
b - Shroud of Golubria    Chrm/Tloc      ##........   17%         2    ###....
c - Spectral Weapon       Hex/Chrm       #.......     45%         3    ###....


Dungeon Overview and Level Annotations

Branches:
Dungeon (3/15)

Altars:
Okawaru


Message History

The orc priest shouts!
You hear a shout!
The orc hits you but does no damage.
You hit the orc.
You kill the orc!
The orc priest calls down the wrath of Beogh upon you.
Beogh smites you!
Casting: Shroud of Golubria
Confirm with . or Enter, or press ? or * to list all spells.
You miscast Infusion.
You are very lightly contaminated with residual magic.
Strange energies run through your body.
You hit the orc priest but do no damage.
Your shroud unravels.
The orc priest invokes the aid of Beogh against you.
Beogh smites you!
You hit the orc priest but do no damage.
You hit the orc priest but do no damage.
The orc priest invokes the aid of Beogh against you.
Beogh smites you!
You die...

..# #.......# ..#
##.##.#.# ###########
..#
#.#..#.#####..........
..#
#.#.##...........#####
..# #.#.########.###.#
#.# #.#.# #.###.###
#.# ##.#.# #.#.....#
... ..##....#####
#.#.###.### #..
..........@o.# #...#
#.... #..#
...##...####.# #.#.#
#..## # ##### #.#
##### #### #.# #o#
#........ ..###o.o#
.... o[ #.###


You could see an orc priest.

Vanquished Creatures
  2 adders (D:2)
  An ooze (D:1)
  A worm (D:2)
  3 leopard geckos
  2 orcs (D:3)
  A ball python (D:1)
  7 bats
  2 giant cockroaches (D:2)
  5 goblins
  7 hobgoblins
  3 frilled lizards
  6 kobolds
  4 rats
44 creatures vanquished.

Notes
Turn   | Place    | Note
-------+----------+-------------------------------------------
     0 | D:1      | Haldmier the High Elf Skald began the quest for the Orb.
     0 | D:1      | Reached XP level 1. HP: 14/14 MP: 4/4
   174 | D:1      | Reached skill level 3 in Long Blades
   180 | D:1      | Reached XP level 2. HP: 12/19 MP: 1/6
   598 | D:1      | Reached skill level 4 in Long Blades
   998 | D:2      | Reached XP level 3. HP: 24/24 MP: 4/7
  1084 | D:2      | Learned a level 2 spell: Shroud of Golubria
  1428 | D:2      | Reached skill level 1 in Translocations
  1866 | D:2      | Found an iron altar of Okawaru.
  2084 | D:2      | Learned a level 3 spell: Spectral Weapon
  2151 | D:3      | Reached XP level 4. HP: 29/29 MP: 8/8
  2363 | D:3      | Killed from afar by an orc priest

Skill      XL: |  1  2  3 |
---------------+----------+-----
Long Blades    | 3 4 |  4.7
Translocations | 1 |  1.9
Fighting       | |  2.0
Armour         | |  0.8
Dodging        | |  1.1
Spellcasting   | |  2.4
Charms         | |  3.6

Action                   |  1- 3 |  4- 6 || total
-------------------------+-------+-------++-------
Melee: Falchion          |   107 |    12 ||   119
       Dagger            |       |    15 ||    15
Throw: Stone             |     1 |       ||     1
 Cast: Infusion          |    17 |     1 ||    18
       Shroud of Golubri |     2 |     2 ||     4
 Stab: Sleeping          |       |     1 ||     1
  Eat: Chunk             |     4 |     1 ||     5
Armor: Leather armour    |    40 |     5 ||    45
Dodge: Dodged            |    76 |    13 ||    89
       Rpst.: Falchion   |    20 |     3 ||    23
